 Dungeon Crawl Stone Soup version 0.18.1-8-gdd0e5ea (webtiles) character file.

129 Beholder179 the Vexing (level 4, -4/41 HPs)
             Began as a Troll Arcane Marksman on May 23, 2016.
             Slain by an orc
             ... wielding a +0 flail
              (11 damage)
             ... on level 3 of the Dungeon.
             The game lasted 00:11:16 (1811 turns).

Beholder179 the Vexing (Troll Arcane Marksman)      Turns: 1811, Time: 00:11:17

Health: -4/41      AC:  3    Str: 23    XL:     4   Next: 88%
Magic:  13/13      EV: 10    Int:  9    God:
Gold:   134        SH:  0    Dex: 10    Spells: 2 memorised, 2 levels left

rFire  . . .     SeeInvis .       - Unarmed
rCold  . . .     Gourm    +     (armour restricted)
rNeg   . . .     Faith    .     (no shield)
rPois  .         Spirit   .     (helmet restricted)
rElec  .         Dismiss  .     (no cloak)
rCorr  .         Reflect  .     (gloves unavailable)
SustAt .         Harm     .     (boots unavailable)
MR     .....                    (no amulet)
Stlth  +.........               p - ring of magical power
                                e - +4 ring of strength

@: slowed, very slow, not resistant to hostile enchantments, very unstealthy
A: unfitting armour, claws 3, fast metabolism 3, gourmand, regeneration 2,
shaggy fur 1, tough skin 2
a: no special abilities


You were on level 3 of the Dungeon.
You were full.

You visited 1 branch of the dungeon, and saw 3 of its levels.

You collected 134 gold pieces.

Inventory:

Missiles
 b - 5 needles of confusion
 c - 4 large rocks
 d - 2 throwing nets (quivered)
 h - 28 poisoned needles
 n - 5 tomahawks
Jewellery
 e - a +4 ring of strength (left claw)
 p - a ring of magical power (right claw)
Scrolls
 a - a scroll of random uselessness {unknown}
 l - a scroll of enchant armour {unknown}
 m - a scroll of fog {unknown}
 q - a scroll of identify {unknown}
 r - a scroll of remove curse {unknown}
 s - a scroll of amnesia {unknown}
Potions
 j - 2 potions of degeneration {unknown}
 o - a potion of haste {unknown}
Comestibles
 f - 2 bread rations
 g - a slice of pizza
 i - a meat ration
 k - 3 fruits


   Skills:
 + Level 1.5 Fighting
 + Level 2.2 Throwing
 + Level 2.0 Dodging
 * Level 1.6 Unarmed Combat
 - Level 1.0 Spellcasting
 - Level 3.0 Hexes


You had 2 spell levels left.
You knew the following spells:

 Your Spells              Type           Power        Failure   Level  Hunger
a - Corona                Hex            #......      12%         1    ##.....
b - Slow                  Hex            #.......     17%         2    ###....


Dungeon Overview and Level Annotations

Branches:
Dungeon (3/15)

Altars:
Elyvilon


Innate Abilities, Weirdness & Mutations

You are too large for most types of armour.
You have claws for hands.
Your metabolism is lightning-fast.
You like to eat raw meat.
You heal very quickly.
You are covered in fur (AC +1).
You have very tough skin (AC +2).


Message History

The orc wizard hits you with a dagger of freezing.
The orc wizard freezes you. The orc completely misses you.
The orc wizard casts a spell at you. You resist with some effort.
You closely miss the orc wizard.
The orc wizard is moderately wounded.
The orc hits you with a flail.
The orc wizard hits you with a dagger of freezing.
The orc wizard freezes you.
* * * LOW HITPOINT WARNING * * *
You claw the orc wizard!
You kill the orc wizard!
Your Dodging skill increases to level 2!
The orc hits you with a flail.
* * * LOW HITPOINT WARNING * * *
The orc hits you with a flail.
* * * LOW HITPOINT WARNING * * *
There is a stone staircase leading up here.
The orc hits you with a flail!
You die...

##### # #.).
#..###)###
#..)....#
#####.#.....
##.o.# ##.
#.@###
#...##
.....## ..##
#


You could see an orc.

Vanquished Creatures
  An orc wizard (D:3)
  4 gnolls (D:2)
  An ooze (D:1)
  2 worms (D:2)
  A dart slug (D:1)
  3 giant geckos
  2 orcs (D:3)
  6 bats
  3 giant cockroaches
  6 goblins
  4 hobgoblins
  A quokka (D:2)
  A giant newt (D:2)
  6 kobolds
  4 rats
45 creatures vanquished.

Notes
Turn   | Place    | Note
--------------------------------------------------------------
     0 | D:1      | Beholder179 the Troll Arcane Marksman began the quest for the Orb.
     0 | D:1      | Reached XP level 1. HP: 18/18 MP: 1/1
    60 | D:1      | Reached XP level 2. HP: 21/26 MP: 2/2
   105 | D:1      | Learned a level 2 spell: Slow
   407 | D:1      | Reached skill level 1 in Fighting
   675 | D:2      | Reached XP level 3. HP: 23/33 MP: 3/3
   775 | D:2      | Reached skill level 1 in Unarmed Combat
   865 | D:2      | Reached XP level 4. HP: 38/41 MP: 4/4
   868 | D:2      | Reached skill level 3 in Hexes
  1208 | D:2      | Found a white marble altar of Elyvilon.
  1811 | D:3      | Slain by an orc

Skill      XL: |  1  2  3  4 |
---------------+-------------+-----
Throwing       | 2 |  2.2
Fighting       | 1 |  1.5
Unarmed Combat | 1 |  1.6
Hexes          | 3 |  3.0
Dodging        | 2 |  2.0
Spellcasting   | |  1.0

Action                   |  1- 3 |  4- 6 || total
-------------------------+-------+-------++-------
Melee: Unarmed           |    90 |    58 ||   148
Throw: Throwing net      |     2 |       ||     2
 Stab: Sleeping          |     1 |       ||     1
  Eat: Chunk             |    13 |     6 ||    19
Armor: Robe              |    36 |     1 ||    37
       Skin              |       |    10 ||    10
Dodge: Dodged            |    37 |    23 ||    60
